 Dungeon Crawl Stone Soup version 0.30-a0-374-g95c0257040 (webtiles) character file.

Game seed: 478399566608792130

301 arthad the Slicer (level 6, -1/51 HPs)
             Began as a Gnoll Wanderer on Nov 26, 2022.
             Was an Initiate of Cheibriados.
             Killed by divine providence
             ... invoked by an orc priest
              (14 damage)
             ... on level 3 of the Dungeon.
             The game lasted 00:04:15 (1781 turns).

arthad the Slicer (Gnoll Wanderer)                  Turns: 1781, Time: 00:04:16

Health: -1/51      AC:  5    Str: 13    XL:     6   Next: 37%
Magic:  11/11      EV: 13    Int: 11    God:    Cheibriados [......]
Gold:   189        SH:  0    Dex: 15    Spells: 7/11 levels left

rFire   + . .      SeeInvis .    f - +2 dagger (drain)
rCold   + . .      Faith    .    (no shield)
rNeg    . . .      Spirit   .    q - +2 robe {rC+}
rPois   .          Reflect  .    (no helmet)
rElec   .          Harm     .    b - +0 cloak
rCorr   .          Rampage  .    (no gloves)
Will    .....                    (no boots)
Stlth   ++........               (no amulet)
HPRegen 0.28/turn                l - ring of protection from fire
MPRegen 0.12/turn                (no ring)

@: very slow
A: fangs 1, strong nose, distributed training
a: Renounce Religion


You were on level 3 of the Dungeon.
You worshipped Cheibriados.
Cheibriados was noncommittal.
You visited 1 branch of the dungeon, and saw 3 of its levels.

You collected 189 gold pieces.

Inventory:

Hand Weapons
 a - a +2 short sword
 f - a +2 dagger of draining (weapon)
 k - a +1 dagger of holy wrath
 A - a +5 long sword of holy wrath
Missiles
 p - 4 poisoned darts (quivered)
Armour
 b - a +0 cloak (worn)
 d - a +0 leather armour
 q - a +2 robe of cold resistance (worn)
Jewellery
 l - a ring of protection from fire (left hand)
Wands
 o - a wand of flame (8)
 z - a wand of paralysis (11)
Scrolls
 c - a scroll of blinking
 e - a scroll of noise {unknown}
 i - 3 scrolls of identify {unknown}
 j - a scroll of silence {unknown}
 m - a scroll of torment {unknown}
 r - 2 scrolls of immolation {unknown}
 t - 3 scrolls of teleportation {unknown}
 v - a scroll of vulnerability {unknown}
 w - a scroll of summoning {unknown}
 y - 2 scrolls of poison {unknown}
Potions
 h - a potion of flight {unknown}
 n - a potion of cancellation {unknown}
 s - a potion of might {unknown}
 u - a potion of brilliance {unknown}
 x - a potion of invisibility {unknown}


   Skills:
 + Level 5.0 Fighting
 + Level 8.8 Short Blades
 + Level 2.0 Long Blades
 + Level 2.0 Axes
 + Level 2.0 Maces & Flails
 + Level 2.0 Polearms
 + Level 2.0 Staves
 + Level 2.0 Ranged Weapons
 + Level 2.0 Throwing
 + Level 3.3 Armour
 + Level 3.3 Dodging
 + Level 2.0 Stealth
 + Level 2.0 Shields
 + Level 2.0 Unarmed Combat
 + Level 3.4 Spellcasting
 + Level 1.6 Conjurations
 + Level 1.6 Hexes
 + Level 1.6 Summonings
 + Level 1.6 Necromancy
 + Level 2.6 Translocations
 + Level 1.6 Transmutations
 + Level 1.6 Fire Magic
 + Level 1.6 Ice Magic
 + Level 1.6 Air Magic
 + Level 1.6 Earth Magic
 + Level 1.6 Poison Magic
 + Level 2.2 Invocations
 + Level 2.0 Evocations


You had 7 spell levels left.
You knew the following spells:

 Your Spells              Type           Power      Damage    Failure   Level
a - Blink                 Tloc           14%        N/A       13%         2
b - Momentum Strike       Conj/Tloc      12%        3d8       16%         2

Your spell library contained the following spells:

 Spells                   Type           Power      Damage    Failure   Level
 Cigotuvi's Dreadful Rot  Necr/Pois/Air  10%        N/A       21%         2
 Stone Arrow              Conj/Erth      10%        3d7       36%         3
 Animate Armour           Summ/Erth      10%        N/A       78%         4
 Dispel Undead            Necr           5%         3d7       78%         4
 Death Channel            Necr           2%         N/A       100%        6
 Lehudib's Crystal Spear  Conj/Erth      2%         10d2      100%        8


Dungeon Overview and Level Annotations

Branches:
Dungeon (3/15)

Altars:
Cheibriados
Uskayaw
Zin


Innate Abilities, Weirdness & Mutations

You have very sharp teeth.
Your uncanny sense of smell can sniff out nearby items.
Your experience applies equally to all skills.


Message History

The orc priest invokes the aid of Beogh against you.
Beogh smites you! The frilled lizard barely misses you.
You see here a worm corpse.
It was a potion of curing.
You feel better. The frilled lizard barely misses you.
The orc barely misses you.
Aiming: Throw Flame
Press: ? - help, Shift-Dir - straight line, f - orc priest
Aim: an orc priest, wielding a +0 short sword and wearing a +0 chain mail (severely wounded, heavily drained, 79% to hit)
The puff of flame hits the orc!
The orc is almost dead.
The frilled lizard closely misses you. The orc hits you with a +0 dagger.
The orc priest calls upon Beogh to heal the orc.
The orc is healed somewhat.
Unknown command.
You hit the orc but do no damage. You drain the orc.
You kill the orc!
Cheibriados appreciates the change of pace.
You hit the frilled lizard.
You kill the frilled lizard!
Cheibriados appreciates the change of pace.
The orc priest looks satisfied for a moment.
You hit the orc. You drain the orc.
The orc is almost dead.
You barely miss the orc.
The orc is almost dead.
The orc barely misses you. The orc hits you with a +0 whip.
The orc priest invokes the aid of Beogh against you.
Beogh smites you!
* * * LOW HITPOINT WARNING * * *
Unknown command.
You closely miss the orc.
The orc is almost dead.
Unknown command.
You hit the orc.
You kill the orc!
Cheibriados appreciates the change of pace.
The orc closely misses you.
The orc priest invokes the aid of Beogh against you.
Beogh smites you!
You die...

#....#.......<....#
#....#......#######
#..<.#.....##
#....#....##
#....#..(.#
#....#.####
#....#.# #..#
########@###
#.....o))o.#
#..........#
#..........#
############


You could see an orc priest (very drained) and an orc.

Vanquished Creatures
  Sigmund (D:2)
  3 gnolls (D:3)
  3 adders
  3 worms
  2 dart slugs (D:3)
  2 orcs (D:3)
  9 endoplasms
  2 giant cockroaches
  2 goblins (D:2)
  6 hobgoblins
  4 jackals (D:1)
  8 kobolds
  A quokka (D:3)
  6 ball pythons
  4 bats
  3 frilled lizards
  4 rats
63 creatures vanquished.

Notes
Turn   | Place    | Note
-------+----------+-------------------------------------------
     0 | D:1      | arthad the Gnoll Wanderer began the quest for the Orb.
     0 | D:1      | arthad set off with the following items: a +2 short sword,
                  | a +0 cloak, a scroll of blinking, a +0 leather armour; and
                  | the following spells available to memorise: Blink, Momentum
                  | Strike.
     0 | D:1      | Reached XP level 1. HP: 20/20 MP: 4/4
    56 | D:1      | Reached XP level 2. HP: 18/26 MP: 5/5
   508 | D:1      | Reached XP level 3. HP: 31/31 MP: 7/7
   833 | D:2      | Reached skill level 1 in Invocations
   883 | D:2      | Noticed Sigmund
   885 | D:2      | Reached skill level 1 in Long Blades
   885 | D:2      | Reached skill level 1 in Axes
   885 | D:2      | Reached skill level 1 in Maces & Flails
   885 | D:2      | Reached skill level 1 in Polearms
   885 | D:2      | Reached skill level 1 in Staves
   885 | D:2      | Reached skill level 1 in Ranged Weapons
   885 | D:2      | Reached skill level 1 in Throwing
   885 | D:2      | Reached skill level 1 in Stealth
   885 | D:2      | Reached skill level 1 in Shields
   885 | D:2      | Reached skill level 1 in Unarmed Combat
   885 | D:2      | Reached skill level 1 in Evocations
   898 | D:2      | Killed Sigmund
   899 | D:2      | Reached skill level 1 in Conjurations
   899 | D:2      | Reached skill level 1 in Hexes
   899 | D:2      | Reached skill level 1 in Summonings
   899 | D:2      | Reached skill level 1 in Necromancy
   899 | D:2      | Reached skill level 1 in Transmutations
   899 | D:2      | Reached skill level 1 in Fire Magic
   899 | D:2      | Reached skill level 1 in Ice Magic
   899 | D:2      | Reached skill level 1 in Air Magic
   899 | D:2      | Reached skill level 1 in Earth Magic
   899 | D:2      | Reached skill level 1 in Poison Magic
   899 | D:2      | Reached XP level 4. HP: 18/38 MP: 9/9
   899 | D:2      | Reached XP level 5. HP: 21/43 MP: 10/10
  1058 | D:2      | Reached XP level 6. HP: 50/50 MP: 11/11
  1201 | D:2      | Learned a level 2 spell: Blink
  1204 | D:2      | Learned a level 2 spell: Momentum Strike
  1541 | D:3      | Reached skill level 5 in Fighting
  1593 | D:3      | Found a glowing silver altar of Zin.
  1598 | D:3      | Found a hide-covered altar of Uskayaw.
  1605 | D:3      | Found a snail-covered altar of Cheibriados.
  1613 | D:3      | Became a worshipper of Cheibriados the Contemplative
  1781 | D:3      | Killed from afar by an orc priest

Illustrated notes

Levels and vault maps discovered:
D:1:      dpeg_arrival_short_road, layout_loops_cross
D:2:      layout_rooms, uniq_sigmund
D:3:      layout_rooms, minmay_overflow_temple_star_quad,
          worldfamousw_hep_ancestral_shrine

Skill      XL: |  1  2  3  4  5  6 |
---------------+-------------------+-----
Translocations | 2 |  2.6
Invocations    | 2 |  2.2
Long Blades    | 1 2 |  2.0
Axes           | 1 2 |  2.0
Maces & Flails | 1 2 |  2.0
Polearms       | 1 2 |  2.0
Staves         | 1 2 |  2.0
Ranged Weapons | 1 2 |  2.0
Throwing       | 1 2 |  2.0
Stealth        | 1 2 |  2.0
Shields        | 1 2 |  2.0
Unarmed Combat | 1 2 |  2.0
Evocations     | 1 2 |  2.0
Armour         | 3 |  3.3
Dodging        | 3 |  3.3
Spellcasting   | 3 |  3.4
Conjurations   | 1 |  1.6
Hexes          | 1 |  1.6
Summonings     | 1 |  1.6
Necromancy     | 1 |  1.6
Transmutations | 1 |  1.6
Fire Magic     | 1 |  1.6
Ice Magic      | 1 |  1.6
Air Magic      | 1 |  1.6
Earth Magic    | 1 |  1.6
Poison Magic   | 1 |  1.6
Fighting       | 5 |  5.0
Short Blades   | |  8.8

Action                   |  1- 3 |  4- 6 || total
-------------------------+-------+-------++-------
Melee: Short sword       |    32 |       ||    32
       Dagger            |    54 |    87 ||   141
       Bite              |     2 |     8 ||    10
       Punch             |     1 |     2 ||     3
Throw: Dart              |     4 |       ||     4
Evoke: Wand              |       |     1 ||     1
  Use: Potion            |       |     1 ||     1
 Stab: Sleeping          |       |     3 ||     3
Armor: Leather armour    |    11 |       ||    11
       Robe              |       |    21 ||    21
Dodge: Dodged            |    31 |    36 ||    67

Table legend: (Time is in decaauts)
 A = Elapsed time spent in this place.
 B = Non-inter-level travel time spent in this place.
 C = Inter-level travel time spent in this place.
 D = Time resting spent in this place.
 E = Time spent auto-exploring this place.
 F = Levels seen in this place.
 G = Mean time per level.
                   A        B        C        D        E       F      G
               +--------+--------+--------+--------+--------+-----+--------+
         Total |   1726 |   1654 |     72 |     46 |   1215 |   3 |  575.3 |
       Dungeon |   1726 |   1654 |     72 |     46 |   1215 |   3 |  575.3 |
               +--------+--------+--------+--------+--------+-----+--------+

Top non-repeatable levels by time:
     D:1: 801 daAuts
     D:2: 528 daAuts
     D:3: 396 daAuts
